 Dungeon Crawl Stone Soup version 0.27.1-33-g824d729ab1 (webtiles) character file.

Game seed: 12585166387286644504

382 alasdair19 the Shield-Bearer (level 6, 0/53 HPs)
             Began as a Minotaur Fighter on Dec 9, 2021.
             Succumbed to an orc wizard's poison
             ... on level 3 of the Dungeon.
             The game lasted 00:06:32 (2578 turns).

alasdair19 the Shield-Bearer (Minotaur Fighter)     Turns: 2578, Time: 00:06:32

Health: 0/53       AC: 13    Str: 22    XL:     6   Next: 47%
Magic:  5/5        EV:  6    Int:  6    God:
Gold:   61         SH: 11    Dex:  9    Spells: 5/5 levels left

rFire    . . .     SeeInvis .   a - +0 long sword
rCold    . . .     Faith    .   c - +1 kite shield
rNeg     . . .     Spirit   .   l - +0 chain mail
rPois    .         Reflect  .   (helmet restricted)
rElec    .         Harm     .   (no cloak)
rCorr    .         Rampage  .   p - +1 pair of gloves
Will     .....                  q - +0 pair of boots
Stlth    ..........             (no amulet)
HPRegen  0.17/turn              (no ring)
MPRegen  0.09/turn              (no ring)

@: mighty, lethally poisoned (0 -> -5), hasted, very quick
A: horns 2, retaliatory headbutt
a: no special abilities


You were on level 3 of the Dungeon.
You visited 1 branch of the dungeon, and saw 3 of its levels.

You collected 87 gold pieces.
You spent 26 gold pieces at shops.

Inventory:

Hand Weapons
 a - a +0 long sword (weapon)
 e - a +0 quick blade
 n - a +1 dagger of venom
Missiles
 k - a boomerang (quivered)
Armour
 b - a +0 pair of gloves
 c - a +1 kite shield (worn)
 l - a +0 chain mail (worn)
 p - a +1 pair of gloves (worn)
 q - a +0 pair of boots (worn)
Jewellery
 h - a ring of ice
Wands
 g - a wand of flame (15)
Scrolls
 o - a scroll of teleportation {unknown}
Potions
 f - a potion of attraction {unknown}
 i - a potion of brilliance {unknown}
 j - a potion of haste
 m - a potion of curing {unknown}


   Skills:
 + Level 4.6 Fighting
 + Level 4.8 Long Blades
 * Level 2.2 Throwing
 + Level 4.9 Armour
 - Level 0.2 Dodging
 + Level 5.4 Shields


You had 5 spell levels left.
You didn't know any spells.
Your spell library was empty.

Dungeon Overview and Level Annotations

Branches:
Dungeon (3/15)

Altars:

Shops:
D:3 ?

Annotations:
D:3 1 runed translucent door, Crazy Yiuf


Innate Abilities, Weirdness & Mutations

You have a pair of horns on your head.
You reflexively headbutt those who attack you in melee.


Message History

You feel very sick. Something hits you but does no damage.
You are more poisoned.
You hear some strange, mumbled words.
Something tries to affect you, but you resist.
You miss something. Your headbutt misses something.
You feel very sick. You block something's attack.
You hit something but do no damage.
You feel very sick. Something hits you but does no damage.
You barely miss something.
You feel very sick. Something hits you but does no damage.
You are more poisoned.
Something hits you but does no damage.
You are lethally poisoned!
You slash something!
Reactivating autopickup.
You feel a bit more experienced.
* * * LOW HITPOINT WARNING * * *
You feel very sick. The hobgoblin barely misses you.
You closely miss the hobgoblin. You headbutt the hobgoblin.
You kill the hobgoblin!
* * * LOW HITPOINT WARNING * * *
You feel very sick.
The giant cockroach bites you but does no damage.
You barely miss the giant cockroach.
* * * LOW HITPOINT WARNING * * *
You feel very sick.
The giant cockroach bites you but does no damage. x2
You feel yourself speed up.
* * * LOW HITPOINT WARNING * * *
You feel sick. You block the giant cockroach's attack.
* * * LOW HITPOINT WARNING * * *
You feel sick.
* * * LOW HITPOINT WARNING * * *
You feel sick.
You die...

######## #......# ## #......#
.## #......# ..##### #......#
...##.###......# .
...##..###..#### ...
...###..##..##########o....
................@.B.)oo..<.
...####......#..#######....
...# ##...#...## .
...######..#..##
.......##..#..#
.#...#..#.....#
.#...#.......#####
.......##........#############
......####.....#.))....))....#


You could see 3 orcs and a giant cockroach.

Vanquished Creatures
  2 necrophages (D:3)
  Ijyb (D:3)
  2 orc wizards (D:3)
  Robin (D:3)
  4 adders
  A worm (D:2)
  2 dart slugs
  6 endoplasms
  2 giant cockroaches (D:3)
  13 goblins
  11 hobgoblins
  11 jackals
  2 quokkas
  4 ball pythons
  6 bats
  5 frilled lizards
  5 kobolds
  3 rats
81 creatures vanquished.

Vanquished Creatures (others)
  A fungus (D:2)
  4 plants (D:2)
5 creatures vanquished.

Grand Total: 86 creatures vanquished

Notes
Turn   | Place    | Note
-------+----------+-------------------------------------------
     0 | D:1      | alasdair19 the Minotaur Fighter began the quest for the
                  | Orb.
     0 | D:1      | Reached XP level 1. HP: 19/19 MP: 0/0
   162 | D:1      | Reached skill level 4 in Shields
   162 | D:1      | Reached XP level 2. HP: 17/27 MP: 1/1
   640 | D:2      | Reached XP level 3. HP: 23/33 MP: 2/2
  1191 | D:2      | Reached XP level 4. HP: 11/40 MP: 3/3
  1670 | D:2      | Found a faded altar of an unknown god.
  1878 | D:3      | Found Lutresti's Magic Scroll Shoppe.
  1921 | D:3      | Reached skill level 1 in Throwing
  1933 | D:3      | Bought a scroll of identify for 26 gold pieces
  1995 | D:3      | Found a runed translucent door.
  1996 | D:3      | Noticed Crazy Yiuf
  2051 | D:3      | Noticed a necrophage
  2057 | D:3      | Killed a necrophage
  2058 | D:3      | Reached XP level 5. HP: 43/47 MP: 4/4
  2067 | D:3      | Noticed Ijyb
  2087 | D:3      | Killed Ijyb
  2088 | D:3      | Reached skill level 5 in Shields
  2288 | D:3      | Noticed Robin
  2294 | D:3      | Killed Robin
  2387 | D:3      | Noticed a necrophage
  2398 | D:3      | Killed a necrophage
  2399 | D:3      | Reached XP level 6. HP: 53/53 MP: 5/5
  2575 | D:3      | HP: 2/53 [poisoned by an orc wizard]
  2578 | D:3      | Succumbed to an orc wizard's poison

Illustrated notes

Levels and vault maps discovered:
D:1:      ncdulo_smallfort, layout_basic
D:2:      layout_loops_ring, shapermc_ecumenical_altar_mp_urbaneastern
D:3:      kennysheep_big_flooded_room, layout_rooms, serial_shops,
          nicolae_shop_crystal, grunt_ministairs_3, uniq_ijyb,
          uniq_crazy_yiuf_cottage, uniq_robin

Skill      XL: |  1  2  3  4  5 |
---------------+----------------+-----
Shields        | 4 5 |  5.4
Fighting       | 4 |  4.6
Armour         | 4 |  4.9
Long Blades    | 3 4 |  4.8
Throwing       | 1 2 |  2.2
Dodging        | |  0.2

Action                   |  1- 3 |  4- 6 || total
-------------------------+-------+-------++-------
Melee: Long sword        |    99 |   115 ||   214
       Headbutt          |    16 |    14 ||    30
Throw: Boomerang         |     2 |    12 ||    14
  Use: Scroll            |     2 |     2 ||     4
       Potion            |       |     2 ||     2
Armor: Scale mail        |    21 |       ||    21
       Chain mail        |    31 |    58 ||    89
Dodge: Dodged            |    36 |    18 ||    54
Block: Kite shield       |    57 |    65 ||   122
       Rpst.: Long sword |    12 |     4 ||    16
